PAA
PHOENIX HOTSPUR YOUTH @ NORTHVILLE ECLIPSE
07/10/2029
 
TOP OF THE 1ST
Phoenix Hotspur Youth batting - Pitching for Northville Eclipse : RHP Rizaldo Manansala
Pitching: RHP Rizaldo Manansala
Batting: LHB António Escalante 0-0: Ground out 4-3 (Groundball, 4)
Batting: RHB Francisco Arriagada 0-0: Ball
1-0: Foul Ball, location: 2F
1-1: Ground out U3 (Groundball, 34)
Batting: RHB Solomon Norment 0-0: Ball
1-0: Foul Ball, location: 2F
1-1: Ground out 6-3 (Groundball, 6)
Top of the 1st over - 0 runs, 0 hits, 0 errors, 0 left on base; Phoenix Hotspur 0 - Northville 0
BOTTOM OF THE 1ST
Northville Eclipse batting - Pitching for Phoenix Hotspur Youth : RHP José Ruíz
Pitching: RHP José Ruíz
Batting: LHB Darrell Woodmansee 0-0: Ball
1-0: Ball
2-0: Called Strike
2-1: Ball
3-1: Ground out 3-1 (Groundball, 34S)
Batting: LHB Octávio Ontiveros 0-0: Foul Ball, location: 2F
0-1: Swinging Strike
0-2: Foul Ball, location: 2F
0-2: SINGLE (Line Drive, 7LS)
Batting: RHB Cosmo Bjorkenheim 0-0: Swinging Strike
0-1: Ball
1-1: Ball
2-1: Ball
3-1: Grounds into double play, 1-4-3 (Groundball, 15S)
Bottom of the 1st over - 0 runs, 1 hit, 0 errors, 0 left on base; Phoenix Hotspur 0 - Northville 0
TOP OF THE 2ND
Phoenix Hotspur Youth batting - Pitching for Northville Eclipse : RHP Rizaldo Manansala
Batting: RHB Bernardo Rivera 0-0: DOUBLE (Line Drive, 5D)
Batting: RHB Carl Tucker 0-0: Ball
1-0: Foul Ball, location: 2F
1-1: Ball
2-1: Swinging Strike
2-2: Foul Ball, location: 2F
2-2: SINGLE (Line Drive, 6MD)
Bernardo Rivera to third
Batting: SHB Huey Wood 0-0: Ball
1-0: Ball
2-0: Fly out, F9 (Flyball, 9)
Runner from 3rd tags up, SCORES, throw made
Batting: RHB Eric Conway 0-0: Called Strike
0-1: Foul Ball, location: 2F
0-2: Foul Ball, location: 2F
0-2: Ball
1-2: Ball
2-2: SINGLE (Groundball, 56D)
Carl Tucker to second
Batting: RHB Phillip Mendizabal 0-0: Called Strike
0-1: Grounds into double play, 6-4-3 (Groundball, 6)
Top of the 2nd over - 1 run, 3 hits, 0 errors, 1 left on base; Phoenix Hotspur 1 - Northville 0
BOTTOM OF THE 2ND
Northville Eclipse batting - Pitching for Phoenix Hotspur Youth : RHP José Ruíz
Batting: LHB Edgardo De Jesús 0-0: Ball
1-0: Swinging Strike
1-1: Ball
2-1: Swinging Strike
2-2: Ball
3-2: Foul Ball, location: 2F
3-2: Foul Ball, location: 2F
3-2: Base on Balls
Batting: RHB Augusto Rocha 0-0: Foul Ball, location: 2F
0-1: Ball
1-1: Ball
2-1: Called Strike
2-2: SINGLE (Flyball, 78S)
Edgardo De Jesús to second
Batting: RHB Alfonso Grappasonni 0-0: Ball
1-0: Grounds into double play, 3-6-3 (Groundball, 34)
Edgardo De Jesús to third
Batting: RHB Luis Guerrero 0-0: Called Strike
0-1: Foul Ball, location: 2F
0-2: Ball
1-2: Ball
2-2: Foul Ball, location: 2F
2-2: Foul Ball, location: 2F
2-2: Foul Ball, location: 2F
2-2: Ball
3-2: Ground out 3-1 (Groundball, 34S)
Bottom of the 2nd over - 0 runs, 1 hit, 0 errors, 1 left on base; Phoenix Hotspur 1 - Northville 0
TOP OF THE 3RD
Phoenix Hotspur Youth batting - Pitching for Northville Eclipse : RHP Rizaldo Manansala
Batting: RHB Juan Rivera 0-0: Called Strike
0-1: Ball
1-1: Ball
2-1: Fly out, F7 (Flyball, 7LS)
Batting: LHB António Escalante 0-0: Ground out 1-3 (Groundball, 13)
Batting: RHB Francisco Arriagada 0-0: Ball
1-0: Foul Ball, location: 2F
1-1: Ground out U3 (Groundball, 34)
Top of the 3rd over - 0 runs, 0 hits, 0 errors, 0 left on base; Phoenix Hotspur 1 - Northville 0
BOTTOM OF THE 3RD
Northville Eclipse batting - Pitching for Phoenix Hotspur Youth : RHP José Ruíz
Batting: SHB Raúl Rodríguez 0-0: Foul Ball, location: 2F
0-1: Ball
1-1: Ground out 4-3 (Groundball, 4M)
Batting: RHB Orlando Sánchez 0-0: Ball
1-0: Foul Ball, location: 2F
1-1: Foul Ball, location: 2F
1-2: Foul Ball, location: 2F
1-2: Strikes out swinging
Batting: LHB Darrell Woodmansee 0-0: Called Strike
0-1: Ball
1-1: Foul Ball, location: 2F
1-2: Ball
2-2: Foul Ball, location: 2F
2-2: Ground out 6-3 (Groundball, 6M)
Bottom of the 3rd over - 0 runs, 0 hits, 0 errors, 0 left on base; Phoenix Hotspur 1 - Northville 0
TOP OF THE 4TH
Phoenix Hotspur Youth batting - Pitching for Northville Eclipse : RHP Rizaldo Manansala
Batting: RHB Solomon Norment 0-0: Ball
1-0: Called Strike
1-1: Foul Ball, location: 2F
1-2: Ball
2-2: Ball
3-2: Reached on error, E4 (Groundball, 4)
Batting: RHB Bernardo Rivera 0-0: Swinging Strike
0-1: Swinging Strike
0-2: Ball
1-2: Ball
2-2: 2-RUN HOME RUN (Flyball, 9LD), Distance : 364 ft
Batting: RHB Carl Tucker 0-0: Ball
1-0: Called Strike
1-1: Ball
2-1: Ball
3-1: Base on Balls
Batting: SHB Huey Wood 0-0: Ball
1-0: Swinging Strike
1-1: Called Strike
1-2: Reached on error, E4 (Groundball, 34)
Carl Tucker to second
Batting: RHB Eric Conway 0-0: Called Strike
0-1: SINGLE (Line Drive, 8LS)
Carl Tucker to third
Huey Wood to second
Batting: RHB Phillip Mendizabal 0-0: Ball
1-0: Ball
2-0: Swinging Strike
2-1: Ball
3-1: Foul Ball, location: 2F
3-2: Foul Ball, location: 2F
3-2: Strikes out swinging
Batting: RHB Juan Rivera 0-0: Called Strike
0-1: Called Strike
0-2: Foul Ball, location: 2F
0-2: Fly out, F7 (Flyball, 7LS)
Runner from 3rd tags up, SCORES, no throw
Batting: LHB António Escalante 0-0: Ball
1-0: Ball
2-0: Ball
3-0: Base on Balls
Huey Wood to third
Eric Conway to second
Batting: RHB Francisco Arriagada 0-0: Ball
1-0: Ball
2-0: Called Strike
2-1: Fly out, F8 (Flyball, 8LD)
Top of the 4th over - 3 runs, 2 hits, 2 errors, 3 left on base; Phoenix Hotspur 4 - Northville 0
BOTTOM OF THE 4TH
Northville Eclipse batting - Pitching for Phoenix Hotspur Youth : RHP José Ruíz
Batting: LHB Octávio Ontiveros 0-0: Ball
1-0: Fly out, F3 (Line Drive, 3)
Batting: RHB Cosmo Bjorkenheim 0-0: Ball
1-0: Called Strike
1-1: Ball
2-1: Ground out 5-3 (Groundball, 5)
Batting: LHB Edgardo De Jesús 0-0: Ground out U3 (Groundball, 3)
Bottom of the 4th over - 0 runs, 0 hits, 0 errors, 0 left on base; Phoenix Hotspur 4 - Northville 0
TOP OF THE 5TH
Phoenix Hotspur Youth batting - Pitching for Northville Eclipse : RHP Rizaldo Manansala
Batting: RHB Solomon Norment 0-0: Ball
1-0: Ball
2-0: Foul Ball, location: 2F
2-1: Ball
3-1: Foul Ball, location: 2F
3-2: Ground out 4-3 (Groundball, 4)
Batting: RHB Bernardo Rivera 0-0: Ground out 4-3 (Groundball, 4)
Batting: RHB Carl Tucker 0-0: Ball
1-0: Foul Ball, location: 2F
1-1: Foul Ball, location: 2F
1-2: Foul Ball, location: 2F
1-2: Ball
2-2: Ball
3-2: Foul Ball, location: 2F
3-2: Strikes out swinging
Top of the 5th over - 0 runs, 0 hits, 0 errors, 0 left on base; Phoenix Hotspur 4 - Northville 0
BOTTOM OF THE 5TH
Northville Eclipse batting - Pitching for Phoenix Hotspur Youth : RHP José Ruíz
Batting: RHB Augusto Rocha 0-0: Ball
1-0: Ball
2-0: Ball
3-0: Called Strike
3-1: Base on Balls
Batting: RHB Alfonso Grappasonni 0-0: Ball
1-0: Ground out 5-3 (Groundball, 56S)
Augusto Rocha to second
Batting: RHB Luis Guerrero 0-0: Called Strike
0-1: Ball
1-1: Fly out, F7 (Flyball, 7S)
Batting: SHB Raúl Rodríguez 0-0: Ball
1-0: Fly out, F8 (Flyball, 8LD)
Bottom of the 5th over - 0 runs, 0 hits, 0 errors, 1 left on base; Phoenix Hotspur 4 - Northville 0
TOP OF THE 6TH
Phoenix Hotspur Youth batting - Pitching for Northville Eclipse : RHP Rizaldo Manansala
Batting: SHB Huey Wood 0-0: Foul Ball, location: 2F
0-1: SINGLE (Line Drive, 34)
Batting: RHB Eric Conway 0-0: Called Strike
0-1: Ball
1-1: Called Strike
1-2: Foul Ball, location: 2F
1-2: Ball
2-2: Ball
3-2: Fly out, F7 (Line Drive, 7D)
Batting: RHB Phillip Mendizabal 0-0: Called Strike
0-1: Ball
1-1: Called Strike
1-2: Ball
2-2: Foul Ball, location: 2F
2-2: Ball
3-2: Fly out, F8 (Flyball, 8RM)
Batting: RHB Juan Rivera 0-0: Called Strike
Huey Wood steals 2nd base
0-1: Foul Ball, location: 2F
0-2: Ball
1-2: Foul Ball, location: 2F
1-2: Ball
2-2: Fly out, F4 (Line Drive, 4)
Top of the 6th over - 0 runs, 1 hit, 0 errors, 1 left on base; Phoenix Hotspur 4 - Northville 0
BOTTOM OF THE 6TH
Northville Eclipse batting - Pitching for Phoenix Hotspur Youth : RHP José Ruíz
Batting: RHB Orlando Sánchez 0-0: Called Strike
0-1: Ball
1-1: Swinging Strike
1-2: Fly out, F8 (Flyball, 8LS)
Batting: LHB Darrell Woodmansee 0-0: Swinging Strike
0-1: Foul Ball, location: 2F
0-2: Ground out 5-3 (Groundball, 5)
Batting: LHB Octávio Ontiveros 0-0: Called Strike
0-1: Ball
1-1: Swinging Strike
1-2: Ball
2-2: Strikes out swinging
Bottom of the 6th over - 0 runs, 0 hits, 0 errors, 0 left on base; Phoenix Hotspur 4 - Northville 0
TOP OF THE 7TH
Phoenix Hotspur Youth batting - Pitching for Northville Eclipse : RHP Rizaldo Manansala
Batting: LHB António Escalante 0-0: Ball
1-0: Called Strike
1-1: Ball
2-1: Ball
3-1: Base on Balls
Pitching: RHP Kyle MacRae
Batting: RHB Francisco Arriagada 0-0: Foul Ball, location: 2F
0-1: Fly out, F8 (Flyball, 8RM)
Batting: RHB Solomon Norment 0-0: DOUBLE (Line Drive, 8LD)
António Escalante to third
Batting: RHB Bernardo Rivera 0-0: Foul Ball, location: 2F
0-1: Ball
1-1: Ball
2-1: Foul Ball, location: 2F
2-2: Hit by Pitch
Batting: RHB Carl Tucker 0-0: Foul Ball, location: 2F
0-1: DOUBLE (Groundball, 5L)
António Escalante scores
Solomon Norment scores
Bernardo Rivera to third
Runner from 3rd tries for Home, SAFE, no throw
Batting: SHB Huey Wood 0-0: Swinging Strike
0-1: Ball
1-1: Called Strike
1-2: Foul Ball, location: 2F
1-2: Strikes out swinging
Batting: RHB Eric Conway 0-0: Swinging Strike
0-1: Swinging Strike
0-2: Foul Ball, location: 2F
0-2: Strikes out looking
Top of the 7th over - 3 runs, 2 hits, 0 errors, 1 left on base; Phoenix Hotspur 7 - Northville 0
BOTTOM OF THE 7TH
Northville Eclipse batting - Pitching for Phoenix Hotspur Youth : RHP José Ruíz
Batting: RHB Cosmo Bjorkenheim 0-0: Called Strike
0-1: Ball
1-1: Called Strike
1-2: Foul Ball, location: 2F
1-2: Fly out, F5 (Line Drive, 56)
Batting: LHB Edgardo De Jesús 0-0: Called Strike
0-1: Ball
1-1: Ball
2-1: Fly out, F7 (Line Drive, 7)
Batting: RHB Augusto Rocha 0-0: Called Strike
0-1: Ball
1-1: Ball
2-1: Ball
3-1: Base on Balls
Batting: RHB Alfonso Grappasonni 0-0: Ball
1-0: Fly out, F6 (Line Drive, 6M)
Bottom of the 7th over - 0 runs, 0 hits, 0 errors, 1 left on base; Phoenix Hotspur 7 - Northville 0
TOP OF THE 8TH
Phoenix Hotspur Youth batting - Pitching for Northville Eclipse : RHP Kyle MacRae
Batting: RHB Phillip Mendizabal 0-0: Foul Ball, location: 2F
0-1: Swinging Strike
0-2: Ball
1-2: Ball
2-2: Strikes out swinging
Batting: RHB Juan Rivera 0-0: Ball
1-0: Fly out, F7 (Flyball, 7D)
Batting: LHB António Escalante 0-0: Ball
1-0: Ball
2-0: Foul Ball, location: 2F
2-1: Foul Ball, location: 2F
2-2: Foul Ball, location: 2F
2-2: Foul Ball, location: 2F
2-2: Foul Ball, location: 2F
2-2: Strikes out swinging
Top of the 8th over - 0 runs, 0 hits, 0 errors, 0 left on base; Phoenix Hotspur 7 - Northville 0
BOTTOM OF THE 8TH
Northville Eclipse batting - Pitching for Phoenix Hotspur Youth : RHP José Ruíz
Batting: RHB Luis Guerrero 0-0: Called Strike
0-1: Fly out, F9 (Flyball, 9S)
Batting: SHB Raúl Rodríguez 0-0: Called Strike
0-1: Foul Ball, location: 2F
0-2: Strikes out swinging
Batting: RHB Orlando Sánchez 0-0: Ball
1-0: Fly out, F8 (Flyball, 8LM)
Bottom of the 8th over - 0 runs, 0 hits, 0 errors, 0 left on base; Phoenix Hotspur 7 - Northville 0
TOP OF THE 9TH
Phoenix Hotspur Youth batting - Pitching for Northville Eclipse : RHP Kyle MacRae
Batting: RHB Francisco Arriagada 0-0: Ball
1-0: Swinging Strike
1-1: Fly out, F7 (Flyball, 7LD)
Batting: RHB Solomon Norment 0-0: Ball
1-0: Foul Ball, location: 2F
1-1: Ball
2-1: Fly out, F4 (Popup, 4S)
Batting: RHB Bernardo Rivera 0-0: Ball
1-0: Ball
2-0: Ball
3-0: Base on Balls
Batting: RHB Carl Tucker 0-0: Ball
1-0: Called Strike
1-1: Foul Ball, location: 2F
1-2: Ball
2-2: Foul Ball, location: 2F
2-2: Ground out 4-3 (Groundball, 4S)
Top of the 9th over - 0 runs, 0 hits, 0 errors, 1 left on base; Phoenix Hotspur 7 - Northville 0
BOTTOM OF THE 9TH
Northville Eclipse batting - Pitching for Phoenix Hotspur Youth : RHP José Ruíz
Batting: LHB Darrell Woodmansee 0-0: Called Strike
0-1: Ground out 4-3 (Groundball, 4M)
Batting: LHB Octávio Ontiveros 0-0: Called Strike
0-1: Foul Ball, location: 2F
0-2: Ball
1-2: Foul Ball, location: 2F
1-2: Foul Ball, location: 2F
1-2: Fly out, F6 (Line Drive, 6)
Batting: RHB Cosmo Bjorkenheim 0-0: Ball
1-0: Ground out 6-3 (Groundball, 6)
Bottom of the 9th over - 0 runs, 0 hits, 0 errors, 0 left on base; Phoenix Hotspur 7 - Northville 0
Tuesday, December 19th, 2017 - OOTP Baseball 18.8 Build 76